 Dungeon Crawl Stone Soup version 0.31.0-11-ge490571c62 (webtiles) character file.

Game seed: 17881138568781993150

1026 Gadfly the Ruffian (level 8, -1/60 HPs)
             Began as a Demonspawn Shapeshifter on Jan 27, 2024.
             Was an Initiate of Ru.
             Killed by divine providence
             ... invoked by an orc priest
              (14 damage)
             ... on level 5 of the Dungeon.
             The game lasted 00:06:39 (4786 turns).

Gadfly the Ruffian (Demonspawn Shapeshifter)        Turns: 4786, Time: 00:06:40

Health: -1/60      AC: 15    Str: 21    XL:     8   Next: 2%
Magic:  8/8        EV: 14    Int: 11    God:    Ru [......]
Gold:   1419       SH:  0    Dex: 20    Spells: 7/7 levels left

rFire   . .          .
                       - Unarmed
rCold   . . .        (no shield)
rNeg    . . .        h - +0 robe {Will+}
rPois   .            (helmet currently unavailable)
rElec   .            q - melded +1 cloak
rCorr   .            (gloves currently unavailable)
SInv    .            (boots currently unavailable)
Will    +....        (no amulet)
Stlth   +            o - ring of Isaiwk {AC+4 Str+4 Dex+2 Stlth-}
HPRegen 0.30/turn    m - +6 ring of dexterity
MPRegen 0.11/turn

%: no passive effects
@: on fire, about to teleport, beast-form, sanguine armoured, glowing
A: beast (slay +2), claws 1, ignite blood 1, sanguine armour 2
a: Begin Untransformation, Renounce Religion


You were on level 5 of the Dungeon.
You worshipped Ru.
Ru was noncommittal.
You were a hulking beast.
You visited 1 branch of the dungeon, and saw 5 of its levels.

You collected 1419 gold pieces.

Inventory:

Hand Weapons
 x - a +4 whip
 y - a +0 dagger of venom
Missiles
 a - a throwing net (quivered)
Armour
 h - a +0 robe of willpower (worn)
 q - a +1 cloak (melded)
Jewellery
 f - a ring of flight
 m - a +6 ring of dexterity (right claw)
 n - a ring of resist corrosion
 o - the ring of Isaiwk (left claw) {AC+4 Str+4 Dex+2 Stlth-}
   (You acquired it on level 2 of the Dungeon)

   [ring of protection]

   AC+4:      It affects your AC (+4).
   Str+4:     It affects your strength (+4).
   Dex+2:     It affects your dexterity (+2).
   Stlth-:    It makes you less stealthy.
 r - a ring of protection from cold
Talismans
 c - a beast talisman (active)
 d - a flux talisman
Wands
 s - a wand of polymorph (8)
 w - a wand of mindburst (15)
Scrolls
 l - a scroll of teleportation
 u - a scroll of blinking
 z - 2 scrolls of identify
 A - a scroll of revelation {unknown}
Potions
 b - a potion of lignification
 e - a potion of cancellation
 g - 3 potions of curing
 i - 2 potions of enlightenment
 j - a potion of heal wounds
 k - a potion of mutation {unknown}
 p - a potion of might
 t - a potion of invisibility {unknown}
 v - a potion of berserk rage


   Skills:
 + Level 3.7 Fighting
 + Level 4.2 Dodging
 * Level 4.6 Unarmed Combat
 + Level 4.2 Evocations
 * Level 4.2 Shapeshifting


You had 7 spell levels left.
You didn't know any spells.
Your spell library contained the following spells:

 Spells                   Type           Power      Damage    Failure   Level
 Ensorcelled Hibernation  Hex/Ice        0%         N/A       47%         2
 Mercury Vapours          Alch/Air       0%         N/A       47%         2
 Mephitic Cloud           Conj/Alch/Air  0%         N/A       71%         3
 Passwall                 Erth           0%         N/A       71%         3
 Swiftness                Air            0%         N/A       71%         3
 Freezing Cloud           Conj/Ice/Air   0%         6-21      100%        5
 Conjure Ball Lightning   Conj/Air       0%         3x3d6     100%        6
 Discord                  Hex            0%         N/A       100%        8
 Disjunction              Tloc           0%         N/A       100%        8


Dungeon Overview and Level Annotations

Branches:
Dungeon (5/15)
 Temple: D:4-7

Altars:
Ashenzari
Nemelex Xobeh
Ru
Uskayaw


Innate Abilities, Weirdness & Mutations

You are a hulking beast.
Your limbs bulge with bestial killing power. (Slay +2)
You have sharp fingernails.
Your demonic aura sometimes causes spilled blood to erupt in flames.
When seriously injured, your blood forms thick armour. (AC +9)


Message History

The phantom is almost destroyed.
The phantom misses you.
You closely miss the phantom.
The phantom is almost destroyed.
The phantom hits you but does no damage.
You scratch the phantom.
You destroy the phantom!
You have reached level 8!
You feel clever.
Your demonic ancestry asserts itself...
You feel your blood thicken.
Aiming: Polymorph
Press: ? - help, Shift-Dir - straight line, f - orc
Aim: an orc, wielding a +0 club and wearing a +0 ring mail (will become a ball python, a rat, or a kobold, chance to affect: 75%)
Okay, then.
The gnoll shouts!
There are monsters nearby!
The gnoll closely misses you. The gnoll closely misses you.
The gnoll hits you from afar with a +0 halberd.
The gnoll misses you.
You claw the gnoll!
The gnoll is heavily wounded.
The gnoll hits you from afar with a +0 halberd!
* * * LOW HITPOINT WARNING * * *
You scratch the gnoll.
The gnoll is severely wounded.
The gnoll is engulfed in blazing flames.
You kill the gnoll!
The orc closely misses you.
The bombardier beetle sprays incendiary fluid at you.
The burning spray hits you.
You are covered in liquid fire!
As you read the scroll of teleportation, it crumbles to dust.
You feel strangely unstable. The liquid fire burns you!
* * * LOW HITPOINT WARNING * * *
The gnoll misses you. The gnoll hits you but does no damage.
The orc priest calls down the wrath of Beogh upon you.
Beogh smites you!
You die...

#.. #....o.#.........##
..#########...####........
#§.§§§§≈..#..'.#.........
#.§§§...≈.#..#.#.....B...
#.§.≈≈§.≈§#..#oB..).g...$
#.≈≈...§§o#B.###.).......
#§≈≈._.§§.#.g# #..g?.....
#§≈≈...§≈.##○# ##........
#.≈.≈≈≈.§§##h# #........
#.§.....≈g#.o# #........
#.§≈≈≈≈≈o§#g## #........
#.#########o.# #........
#.. #### #.


You could see a bombardier beetle, an orc priest, 2 gnolls and an orc.

Vanquished Creatures
  2 ice beasts (D:5)
  2 phantoms (D:5)
  A bullfrog (D:4)
  A howler monkey (D:4)
  A hound (D:5)
  2 jellies (D:5)
  4 orc priests
  An iguana (D:5)
  Natasha (thrice) (D:2)
  2 orc wizards (D:5)
  Ijyb (D:4)
  The ghost of Bravepunisher the Ducker, a weakling SpMo (D:3)
  3 adders
  8 gnolls
  2 dart slugs
  10 orcs
  5 bats
  2 endoplasms (D:1)
  8 giant cockroaches
  7 hobgoblins
  4 jackals (D:2)
  10 kobolds
  5 quokkas
  5 ball pythons
  3 frilled lizards
  3 goblins
  6 rats
102 creatures vanquished.

Notes
Turn   | Place    | Note
-------+----------+-------------------------------------------
     0 | D:1      | Gadfly the Demonspawn Shapeshifter began the quest for the
                  | Orb.
     0 | D:1      | Reached XP level 1. HP: 15/15 MP: 1/1
   239 | D:1      | Gained mutation: When seriously injured, your blood forms
                  | armour. (AC +9) [demonic ancestry]
   239 | D:1      | Reached XP level 2. HP: 21/21 MP: 2/2
   384 | D:1      | Reached skill level 1 in Evocations
  1045 | D:1      | Gained mutation: Your demonic aura sometimes causes spilled
                  | blood to erupt in flames. [demonic ancestry]
  1045 | D:1      | Reached XP level 3. HP: 11/26 MP: 3/3
  1181 | D:2      | Gained mutation: You have sharp fingernails. [demonic
                  | ancestry]
  1181 | D:2      | Reached XP level 4. HP: 31/33 MP: 4/4
  1494 | D:2      | Noticed Natasha
  1502 | D:2      | Killed Natasha
  1503 | D:2      | Reached XP level 5. HP: 26/38 MP: 5/5
  1772 | D:2      | Noticed Natasha
  1778 | D:2      | Killed Natasha
  1980 | D:2      | Noticed Natasha
  1991 | D:2      | Killed Natasha
  2106 | D:2      | Identified a scroll of acquirement
  2106 | D:2      | Acquired the ring of Isaiwk {AC+4 Str+4 Dex+2 Stlth-}
  2433 | D:3      | Found a runed translucent door.
  2578 | D:3      | Found a hide-covered altar of Uskayaw.
  2723 | D:3      | Noticed Bravepunisher's ghost (weakling SpMo)
  2737 | D:3      | Killed Bravepunisher's ghost
  2795 | D:4      | Reached XP level 6. HP: 44/46 MP: 6/6
  3077 | D:4      | Noticed Ijyb
  3084 | D:4      | Killed Ijyb
  3233 | D:4      | Acquired 1055 gold pieces
  3534 | D:4      | Found a sparkling altar of Nemelex Xobeh.
  3811 | D:4      | Found a sacrificial altar of Ru.
  3814 | D:4      | Became a worshipper of Ru the Awakened
  3919 | D:5      | Entered Level 5 of the Dungeon
  3944 | D:5      | Noticed an ice beast
  3946 | D:5      | Noticed an ice beast
  4341 | D:5      | Killed an ice beast
  4342 | D:5      | Reached XP level 7. HP: 36/52 MP: 7/7
  4764 | D:5      | Found a broken altar of Ashenzari.
  4777 | D:5      | Gained mutation: When seriously injured, your blood forms
                  | thick armour. (AC +9) [demonic ancestry]
  4777 | D:5      | Reached XP level 8. HP: 22/60 MP: 8/8
  4786 | D:5      | Killed from afar by an orc priest

Illustrated notes

Levels and vault maps discovered:
D:1:      tarquinn_simple_flora_water_b, layout_basic
D:2:      layout_basic, uniq_natasha
D:3:      layout_rooms, nicolae_uskayaw_dance_hall,
          ebering_ghost_reflecting_pool, roderic_filled_cross,
          kennysheep_minor_cross, patterned_corridor
D:4:      layout_cave_pods, kennysheep_mini, nicolae_overflow_hidden_temple,
          uniq_ijyb
D:5:      layout_basic, mainiacjoe_overflow_paths, fedhas_altar_3

Skill      XL: |  1  2  3  4  5  6  7 |
---------------+----------------------+-----
Dodging        | 2 3 4 |  4.2
Evocations     | 1 2 3 4 |  4.2
Unarmed Combat | 3 4 |  4.6
Shapeshifting  | 3 4 |  4.2
Fighting       | 2 3 |  3.7

Action                     |  1- 3 |  4- 6 |  7- 9 || total
---------------------------+-------+-------+-------++-------
  Melee: Unarmed           |   105 |   183 |    71 ||   359
         Punch             |     1 |     3 |     1 ||     5
Ability: Begin Untransform |       |     2 |       ||     2
    Use: Scroll            |     3 |     7 |     1 ||    11
         Potion            |     1 |     3 |       ||     4
   Stab: Sleeping          |     1 |     1 |       ||     2
 Armour: Robe              |    46 |   105 |    38 ||   189
         Animal skin       |     3 |       |       ||     3
  Dodge: Dodged            |    66 |    94 |    53 ||   213
   Form: Beast             |       |     2 |       ||     2
